AoeStats
← MNYMan

Oasis

507415827Analyzed
4v4 RM · 14d ago on Sep 18, 2026· 75m 55s· 8 players
Game mode
Random Map
Map size
Large (8 player)
Population
200
Speed
Normal
Resources
Standard
Victory
Conquest
Starting age
Dark Age
Ending age
Imperial Age
RankedLock teamsTeams togetherTeam positionsShared explorationLock speedFull tech treeHidden civsTurbo modeCheats
Victory
Defeat
🇨🇱 Poles · Chile
1085
+13
🇺🇸 Celts · United States
1074
+14
1073
+14
🇨🇱 Bulgarians · Chile
1018
+15
🇺🇸 Berbers · United States
1026
-14
🇺🇸 Huns · United States
1025
-14
🇺🇸 Celts · United States
1025
-14
🇺🇸 Khmer · United States
1025
-14
abramix12
13:03 Feudal Age
19:31 Castle Age
17:46 Double-Bit Axe
18:11 Horse Collar
20:44 Scale Mail Armor
20:20 Pikeman
26:47 Chain Mail Armor
26:43 Forging
28:31 Bow Saw
32:30 Imperial Age
33:00 Heavy Plow
32:59 Gold Mining
33:02 Stone Mining
33:58 Iron Casting
33:29 Scale Barding Armor
33:25 Padded Archer Armor
33:15 Fletching
35:39 Loom
36:41 Wheelbarrow
35:54 Town Watch
37:43 Stone Shaft Mining
37:49 Gold Shaft Mining
37:46 Town Patrol
38:02 Hand Cart
38:31 Halberdier
43:15 Elite Konnik
44:56 Stirrups
45:26 Chain Barding Armor
45:36 Plate Mail Armor
45:44 Coinage
45:44 Conscription
49:29 Murder Holes
50:37 Chemistry
49:57 Ballistics
51:42 Squires
51:28 Gambesons
51:29 Arson
54:02 Blast Furnace
53:38 Plate Barding Armor
52:59 Bodkin Arrow
53:19 Leather Archer Armor
63:17 Bracer
68:01 Caravan
68:49 Coinage
69:55 Bagains
71:43 Onager
74:40 Siege Onager
LCsLA Skoll
9:44 Feudal Age
9:03 Loom
15:23 Town Watch
18:08 Castle Age
22:27 Double-Bit Axe
26:44 Bow Saw
26:16 Horse Collar
31:19 Imperial Age
29:39 Crossbowman
30:24 Thumb Ring
30:57 Wheelbarrow
30:53 Fletching
31:27 Ballistics
31:46 Bodkin Arrow
31:54 Arbalester
32:38 Bracer
34:23 Chemistry
33:38 Stone Mining
33:39 Gold Mining
34:47 Padded Archer Armor
36:07 Hand Cart
35:52 Town Patrol
37:04 Conscription
37:35 Stone Shaft Mining
38:11 Heavy Plow
39:50 Leather Archer Armor
40:53 Siege Engineers
40:29 Treadmill Crane
46:23 Caravan
StanTheMan
10:40 Loom
12:28 Feudal Age
17:23 Castle Age
15:27 Double-Bit Axe
15:42 Horse Collar
17:34 Scale Barding Armor
18:45 Gold Mining
22:47 Chain Barding Armor
24:56 Heavy Plow
26:01 Bow Saw
27:33 Wheelbarrow
31:48 Gold Shaft Mining
31:00 Pikeman
32:26 Stone Mining
33:03 Forging
32:53 Scale Mail Armor
36:26 Imperial Age
34:05 Arson
35:00 Iron Casting
34:40 Chain Mail Armor
34:47 Ballistics
34:38 Masonry
34:10 Treadmill Crane
34:44 Masonry
34:30 Murder Holes
35:28 Stone Shaft Mining
37:22 Furor Celtica
36:52 Halberdier
38:35 Blast Furnace
38:06 Plate Mail Armor
37:26 Fletching
38:18 Hand Cart
37:50 Town Watch
37:49 Onager
37:54 Capped Ram
39:27 Bodkin Arrow
39:53 Siege Engineers
40:16 Siege Onager
44:33 Elite Woad Raider
49:58 Caravan
64:46 Padded Archer Armor
rodolfo casas noten¨o
1:11 Loom
14:25 Feudal Age
24:58 Castle Age
27:36 Double-Bit Axe
30:27 Horse Collar
31:44 Ballistics
36:19 Wheelbarrow
37:36 Bow Saw
39:57 Fortified Wall
43:56 Imperial Age
41:56 Gold Mining
42:01 Town Watch
44:14 Hand Cart
44:57 Gold Shaft Mining
46:13 Chemistry
46:05 Town Patrol
47:47 Heavy Plow
49:00 Shinkichon
49:54 Heavy Rocket Cart
52:05 Pikeman
52:45 Squires
54:24 Two-Man Saw
54:34 Conscription
54:22 Siege Engineers
55:49 Caravan
56:05 Scale Mail Armor
58:03 Chain Mail Armor
57:59 Forging
58:58 Plate Mail Armor
62:13 Iron Casting
66:25 Halberdier
MNYMan
11:06 Feudal Age
9:23 Loom
11:36 Double-Bit Axe
15:57 Castle Age
13:50 Horse Collar
14:51 Gold Mining
17:04 Stone Mining
17:19 Heavy Plow
17:28 Pikeman
18:10 Scale Mail Armor
19:51 Stone Shaft Mining
20:07 Wheelbarrow
20:08 Bow Saw
23:33 Gold Shaft Mining
23:30 Loom
24:44 Pikeman
26:10 Hand Cart
27:19 Arson
33:42 Imperial Age
32:02 Scale Mail Armor
33:00 Town Watch
33:21 Stronghold
34:41 Murder Holes
35:05 Padded Archer Armor
35:23 Chain Mail Armor
34:30 Halberdier
35:33 Ballistics
34:56 Capped Ram
36:29 Heavy Scorpion
37:48 Town Patrol
39:01 Plate Mail Armor
38:42 Forging
43:11 Siege Ram
46:05 Iron Casting
46:34 Chemistry
45:45 Masonry
47:22 Furor Celtica
46:34 Elite Woad Raider
48:09 Conscription
47:19 Sappers
48:25 Hoardings
54:35 Caravan
55:05 Coinage
54:47 Guilds
61:17 Banking
62:12 Blast Furnace
65:28 Fortified Wall
Wushi
7:51 Loom
10:34 Feudal Age
12:47 Double-Bit Axe
15:30 Bloodlines
16:53 Horse Collar
23:01 Castle Age
24:15 Bow Saw
24:09 Heavy Plow
24:07 Fletching
25:46 Gold Mining
26:46 Light Cavalry
27:27 Husbandry
27:38 Scale Barding Armor
27:44 Forging
28:06 Ballistics
30:09 Wheelbarrow
29:43 Thumb Ring
30:04 Chain Barding Armor
33:03 Gold Shaft Mining
32:19 Stone Mining
32:46 Hand Cart
32:18 Town Watch
33:29 Iron Casting
32:50 Bodkin Arrow
37:50 Imperial Age
35:21 Town Patrol
38:22 Hussar
39:46 Plate Barding Armor
40:13 Blast Furnace
39:14 Bracer
40:28 Chemistry
39:52 Heavy Cavalry Archer
44:26 Elite Skirmisher
44:32 Elite Genitour
45:39 Parthian Tactics
45:20 Padded Archer Armor
49:11 Cavalier
61:18 Paladin
Bobby9000
10:36 Feudal Age
15:31 Castle Age
29:07 Wheelbarrow
29:29 Horse Collar
31:27 Scale Barding Armor
31:33 Double-Bit Axe
33:06 Hand Cart
36:24 Ballistics
37:03 Bow Saw
36:46 Gold Mining
36:46 Stone Mining
36:58 Heavy Plow
37:20 Chain Barding Armor
37:51 Loom
41:36 Imperial Age
40:47 Murder Holes
43:31 Chemistry
44:14 Double Crossbow
43:36 Elite Ballista Elephant
44:15 Elite Ballista Elephant
44:57 Double Crossbow
46:45 Crop Rotation
46:53 Plate Barding Armor
46:55 Gold Shaft Mining
46:55 Stone Shaft Mining
50:09 Conscription
Caustic
7:33 Loom
10:05 Feudal Age
11:16 Double-Bit Axe
11:44 Horse Collar
16:48 Wheelbarrow
20:36 Castle Age
19:00 Gold Mining
19:37 Fletching
19:48 Padded Archer Armor
21:44 Husbandry
21:54 Bloodlines
26:34 Bow Saw
30:12 Gold Shaft Mining
30:29 Hand Cart
30:06 Stone Mining
31:45 Bodkin Arrow
34:01 Stone Shaft Mining
35:58 Leather Archer Armor
37:26 Kasbah
37:59 Ballistics
37:53 Masonry
40:51 Imperial Age
39:04 Thumb Ring
41:05 Elite Genitour
41:48 Bracer
42:19 Ring Archer Armor
43:10 Chemistry
42:42 Conscription
41:59 Heavy Camel Rider
43:10 Cavalier
44:21 Forging
44:21 Scale Barding Armor
44:17 Light Cavalry
45:17 Hussar
46:13 Heavy Plow
47:02 Hoardings
46:52 Chain Barding Armor
49:35 Plate Barding Armor
49:36 Iron Casting
65:38 Fortified Wall
Connection lost

Rejoining the realm…

Still unreachable

The connection could not be restored.

Session expired

The server has moved on; the page needs a fresh start.